 Dungeon Crawl Stone Soup version 0.23.1-38-g628c18f423 (webtiles) character file.

Game seed: 6868819843687300470

9620 Peloso the Carver (level 11, -3/97 HPs)
             Began as a Minotaur Fighter on Mar 29, 2019.
             Was an Elder of Okawaru.
             Slain by an orc knight
             ... wielding a +0 war axe
              (12 damage)
             ... in a bailey.
             The game lasted 00:18:28 (7484 turns).

Peloso the Carver (Minotaur Fighter)                Turns: 7484, Time: 00:18:29

Health: -3/97      AC: 21    Str: 23    XL:     11   Next: 25%
Magic:  10/10      EV: 10    Int:  7    God:    Okawaru [****..]
Gold:   339        SH: 14    Dex: 11    Spells: 10/10 levels left

rFire    . . .     SeeInvis .   a - +0 long sword
rCold    . . .     Gourm    .   c - +0 shield
rNeg     . . .     Faith    .   r - +0 plate armour
rPois    .         Spirit   .   s - +1 hat
rElec    .         Reflect  .   D - +0 cloak
rCorr    .         Harm     .   G - +0 pair of gloves
MR       .....                  (no boots)
Stlth    ..........             y - amulet of magic regeneration
HPRegen  0.26/turn              F - +2 ring of intelligence
MPRegen  0.37/turn              (no ring)

@: heroism, hasted, very quick
A: retaliatory headbutt, horns 2
a: Heroism, Renounce Religion


You were in a bailey.
You worshipped Okawaru.
Okawaru was greatly pleased with you.
You were hungry.

You visited 2 branches of the dungeon, and saw 9 of its levels.
You also visited: Bailey.

You collected 339 gold pieces.

Inventory:

Hand Weapons
 a - a +0 long sword (weapon)
 l - a +1 whip of flaming
Armour
 b - a +0 scale mail
 c - a +0 shield (worn)
 r - a +0 plate armour (worn)
 s - a +1 hat (worn)
 D - a +0 cloak (worn)
 G - a +0 pair of gloves (worn)
Jewellery
 y - an amulet of magic regeneration (around neck)
 F - a +2 ring of intelligence (left hand)
Wands
 u - a wand of digging (4)
 x - a wand of random effects (19)
Scrolls
 g - 5 scrolls of enchant weapon
 h - 2 scrolls of magic mapping
 j - 7 scrolls of teleportation {unknown}
 k - a scroll of identify
 n - 2 scrolls of amnesia {unknown}
 o - 4 scrolls of remove curse {unknown}
 p - 2 scrolls of enchant armour {unknown}
 w - 2 scrolls of fear {unknown}
 A - a scroll of fog
 C - a scroll of random uselessness
 H - a scroll of blinking {unknown}
Potions
 e - 2 potions of haste
 i - 4 potions of curing
 m - 4 potions of magic
 t - a potion of cancellation
 v - a potion of invisibility
 z - 2 potions of brilliance
 B - a potion of experience
Comestibles
 f - 10 rations
 E - 3 chunks of flesh


   Skills:
 + Level 9.5(14.5) Fighting
 + Level 12.7(17.7) Long Blades
 + Level 10.3(15.3) Armour
 + Level 2.5(7.5) Dodging
 + Level 0.6(5.6) Stealth
 + Level 10.4(15.4) Shields
 + Level 0.9 Invocations
 + Level 1.0 Evocations


You had 10 spell levels left.
You didn't know any spells.
Your spell library contained the following spells:

 Spells                   Type           Power        Failure   Level  Hunger
 Beastly Appendage        Tmut           #.....       98%         1    ##.....
 Confusing Touch          Hex            #.....       98%         1    ##.....
 Summon Small Mammal      Summ           #...         98%         1    ##.....
 Call Imp                 Summ           #.......     99%         2    ###....
 Sticks to Snakes         Tmut           #.......     99%         2    ###....
 Call Canine Familiar     Summ           #.......     100%        3    ####...
 Confuse                  Hex            #.......     100%        3    ####...
 Gell's Gravitas          Tloc           #.........   100%        3    ####...
 Spider Form              Tmut/Pois      #.........   100%        3    ####...
 Summon Guardian Golem    Hex/Summ       #.......     100%        3    ####...
 Ice Form                 Ice/Tmut       #.......     100%        4    #####..
 Petrify                  Tmut/Erth      #.......     100%        4    #####..
 Summon Ice Beast         Ice/Summ       #.......     100%        4    #####..
 Summon Lightning Spire   Summ/Air       #.......     100%        4    #####..
 Blade Hands              Tmut           #.........   100%        5    ######.
 Metabolic Englaciation   Hex/Ice        #.........   100%        5    ######.
 Yara's Violent Unravell  Hex/Tmut       #.........   100%        5    ######.


Dungeon Overview and Level Annotations

Branches:
Dungeon (8/15)             Temple (1/1) D:6            Lair (0/6) D:8

Altars:
Ashenzari
Cheibriados
Dithmenos
Elyvilon
Gozag
Hepliaklqana
Kikubaaqudgha
Makhleb
Nemelex Xobeh
Okawaru
Ru
Sif Muna
Trog
Uskayaw
Vehumet
Wu Jian
Xom
Yredelemnul
Zin
The Shining One

Shops:
D:8 =

Annotations:
D:8 Harold


Innate Abilities, Weirdness & Mutations

You reflexively headbutt those who attack you in melee.
You have a pair of horns on your head.


Message History

* * * LOW HITPOINT WARNING * * *
You block the orc knight's attack.
Unknown command.
You hit the orc knight.
The orc knight is heavily wounded.
The orc knight hits you but does no damage.
Unknown command.
You feel much better.
The orc knight hits you from afar with the +6 spear "Kol Paac" {flame, rElec Str+6 Int-5}!!
* * * LOW HITPOINT WARNING * * *
The orc knight burns you!
* * * LOW HITPOINT WARNING * * *
You feel yourself speed up. You block the orc knight's attack.
The orc knight hits you with a +0 war axe!
* * * LOW HITPOINT WARNING * * *
You hit the orc knight. Your headbutt misses the orc knight.
The orc knight is heavily wounded.
You block the orc knight's attack.
The orc knight hits you with a +0 war axe!
You die...

##.......##
#.........#
##.........##
#.....⌠.....#######
##.........##.....##
.'.........).......#
..##.....))##)......##
g..
#....)..#.()......# ..
##88@88##.()......##
g..
###o###..(..⌠.....#
#.o. ##..(......##
...... #.........#
.......##..(....##
.........#.......#
#.........##..)).##
...........####)##
##...))##


You could see 2 orc knights.

Vanquished Creatures
  An orc warlord (Bailey)
  3 death yaks (D:8)
  Pikel (D:4)
  An orc knight (Bailey)
  Sigmund (D:4)
  10 yaks
  A hungry ghost (D:6)
  13 orc warriors
  A black bear (D:7)
  A phantom (D:4)
  3 slaves (D:4)
  5 ogres
  4 centaurs
  A big kobold (D:8)
  5 bullfrogs
  A gnoll sergeant (D:7)
  A wyvern zombie (D:7)
  3 scorpions
  A water moccasin skeleton (D:6)
  3 crimson imps
  A centaur zombie (D:6)
  A quasit (D:8)
  A centaur skeleton (D:5)
  2 jellies (D:7)
  4 hounds
  2 orc wizards
  Crazy Yiuf (D:4)
  5 orc priests
  A bullfrog skeleton (D:4)
  2 iguanas
  8 worker ants
  A hound zombie (D:5)
  Robin (D:2)
  12 gnolls
  7 adders
  A howler monkey skeleton (D:5)
  2 shadow imps (D:3)
  An ooze (D:4)
  3 adder skeletons
  2 worms
  4 dart slugs
  4 leopard geckos
  22 orcs
  2 ball pythons
  3 bats (D:1)
  3 giant cockroaches
  12 hobgoblins
  6 jackals
  5 quokkas
  7 frilled lizards
  31 goblins
  11 kobolds
  A quokka skeleton (D:7)
  A quokka zombie (D:5)
  4 rats
234 creatures vanquished.

Notes
Turn   | Place    | Note
-------+----------+-------------------------------------------
     0 | D:1      | Peloso the Minotaur Fighter began the quest for the Orb.
     0 | D:1      | Reached XP level 1. HP: 19/19 MP: 0/0
   109 | D:1      | Reached XP level 2. HP: 25/27 MP: 1/1
   768 | D:1      | Reached XP level 3. HP: 33/33 MP: 2/2
   953 | D:2      | Reached skill level 3 in Long Blades
  1269 | D:2      | Noticed Robin
  1285 | D:2      | Killed Robin
  1285 | D:2      | Reached XP level 4. HP: 41/41 MP: 3/3
  1732 | D:3      | Reached skill level 1 in Dodging
  1791 | D:3      | Noticed a centaur
  1800 | D:3      | Killed a centaur
  1800 | D:3      | Reached skill level 4 in Long Blades
  1800 | D:3      | Reached XP level 5. HP: 18/47 MP: 4/4
  2169 | D:3      | Found a shimmering altar of Xom.
  2172 | D:3      | Found an ancient bone altar of Kikubaaqudgha.
  2500 | D:4      | Reached skill level 5 in Armour
  2561 | D:4      | Reached skill level 5 in Long Blades
  2561 | D:4      | Reached XP level 6. HP: 44/53 MP: 5/5
  2659 | D:4      | Reached skill level 5 in Shields
  2822 | D:4      | Noticed Sigmund
  2852 | D:4      | Killed Sigmund
  2852 | D:4      | Reached skill level 5 in Fighting
  2852 | D:4      | Reached skill level 6 in Long Blades
  2852 | D:4      | Reached XP level 7. HP: 41/61 MP: 6/6
  3038 | D:4      | Found a runed translucent door.
  3039 | D:4      | Noticed Crazy Yiuf
  3245 | D:4      | Noticed Pikel
  3261 | D:4      | Killed Pikel
  3261 | D:4      | Reached skill level 7 in Long Blades
  3261 | D:4      | Reached XP level 8. HP: 64/70 MP: 7/7
  3278 | D:4      | Found an opulent altar of Gozag.
  3504 | D:4      | Killed Crazy Yiuf
  3539 | D:5      | Entered Level 5 of the Dungeon
  3617 | D:5      | Found a deep blue altar of Sif Muna.
  3736 | D:5      | Reached skill level 8 in Long Blades
  3736 | D:5      | Reached skill level 1 in Evocations
  4347 | D:6      | Reached skill level 9 in Long Blades
  4347 | D:6      | Reached XP level 9. HP: 76/78 MP: 8/8
  4795 | D:6      | Found a staircase to the Ecumenical Temple.
  4806 | Temple   | Entered the Ecumenical Temple
  4868 | Temple   | Became a worshipper of Warmaster Okawaru
  5153 | D:7      | Reached skill level 10 in Long Blades
  5208 | D:7      | Reached * piety under Okawaru
  5853 | D:7      | Reached skill level 11 in Long Blades
  5894 | D:7      | Reached XP level 10. HP: 88/88 MP: 9/9
  6330 | D:8      | Noticed a death yak
  6331 | D:8      | Found a staircase to the Lair.
  6331 | D:8      | Noticed a death yak
  6346 | D:8      | Killed a death yak
  6346 | D:8      | Reached ** piety under Okawaru
  6354 | D:8      | Noticed a death yak
  6364 | D:8      | Killed a death yak
  6364 | D:8      | Reached *** piety under Okawaru
  6372 | D:8      | Killed a death yak
  6372 | D:8      | Reached skill level 12 in Long Blades
  6373 | D:8      | Reached skill level 10 in Armour
  6419 | D:8      | Found Fiseniem's Jewellery Boutique.
  6461 | D:8      | Found a flagged portal.
  6461 | D:8      | Noticed Harold
  6522 | Bailey   | Entered a bailey
  7134 | Bailey   | Identified the cursed +0 longbow of the End of Times
                  | {velocity, *Contam rC+ Dex+4}
  7141 | Bailey   | Noticed an orc knight
  7186 | Bailey   | Killed an orc knight
  7186 | Bailey   | Reached **** piety under Okawaru
  7186 | Bailey   | Reached XP level 11. HP: 41/97 MP: 10/10
  7206 | Bailey   | Reached skill level 10 in Shields
  7431 | Bailey   | Noticed an orc warlord
  7456 | Bailey   | Killed an orc warlord
  7466 | Bailey   | Identified the +6 spear "Kol Paac" {flame, rElec Str+6
                  | Int-5}
  7466 | Bailey   | Noticed an orc knight
  7469 | Bailey   | Noticed an orc knight
  7484 | Bailey   | Slain by an orc knight

Skill      XL: |  1  2  3  4  5  6  7  8  9 10 11 |
---------------+----------------------------------+-----
Armour         | 4 5 6 7 8 10 | 10.3
Fighting       | 4 5 6 8 9 |  9.5
Shields        | 4 5 6 7 9 10 | 10.4
Long Blades    | 3 4 5 6 7 9 11 12 | 12.7
Dodging        | 1 2 |  2.5
Evocations     | 1 |  1.0
Stealth        | |  0.6
Invocations    | |  0.9

Action                   |  1- 3 |  4- 6 |  7- 9 | 10-12 || total
-------------------------+-------+-------+-------+-------++-------
Melee: Long sword        |    97 |   123 |   363 |   286 ||   869
       Headbutt          |     9 |    21 |    92 |    91 ||   213
Invok: Heroism           |       |       |       |     8 ||     8
Evoke: Wand              |       |     3 |     1 |       ||     4
  Use: Scroll            |       |     6 |     4 |     3 ||    13
       Potion            |       |     1 |       |     8 ||     9
  Eat: Chunk             |     1 |     5 |    10 |     6 ||    22
       Ration            |       |       |     1 |       ||     1
Armor: Scale mail        |    38 |       |       |       ||    38
       Plate armour      |    18 |    94 |   165 |    80 ||   357
Dodge: Dodged            |    24 |    26 |    52 |    39 ||   141
Block: Shield            |    64 |    60 |   149 |   144 ||   417
       Rpst.: Long sword |     5 |     9 |    10 |    10 ||    34
